 Seeded DCSS version 0.29.1-15-g9cfb28693d (webtiles) character file.

Game seed: 6320845443627075161 (custom seed)

148 Psyclone the Magician (level 5, 0/28 HPs)
             Began as a Deep Elf Fire Elementalist on Sept 29, 2023.
             Blown up by Ijyb (4 damage)
             ... with a mindburst bolt
             ... on level 4 of the Dungeon.
             The game lasted 00:08:51 (3077 turns).

Psyclone the Magician (Deep Elf Fire Elementalist)  Turns: 3077, Time: 00:08:51

Health: 0/28       AC:  3    Str:  5    XL:     5   Next: 8%
Magic:  23/31      EV: 13    Int: 22    God:
Gold:   181        SH:  0    Dex: 19    Spells: 11/12 levels left

rFire   . . .      SeeInvis .   r - +3 short sword
rCold   . . .      Faith    .   (no shield)
rNeg    + . .      Spirit   .   a - +0 robe
rPois   .          Reflect  .   o - +1 hat {Stlth+}
rElec   .          Harm     .   (no cloak)
rCorr   .          Rampage  .   (no gloves)
Will    +....                   (no boots)
Stlth   +++.......              (no amulet)
HPRegen 0.09/turn               d - ring of Jealousy {rN+ Will+ MP+9 Dex+4}
MPRegen 0.22/turn               k - ring of magical power

@: no status effects
A: no striking features
a: no special abilities


You were on level 4 of the Dungeon.
You visited 1 branch of the dungeon, and saw 4 of its levels.

You collected 181 gold pieces.

Inventory:

Hand Weapons
 r - a +3 short sword (weapon)
Armour
 a - a +0 robe (worn)
 o - a +1 hat of stealth (worn)
Jewellery
 d - the ring of Jealousy (left hand) {rN+ Will+ MP+9 Dex+4}
   (You acquired it on level 2 of the Dungeon)

   [ring of magical power]

   Dex:       It affects your dexterity (+4).
   rN:        It protects you from negative energy.
   MP:        It affects your magic capacity (+9).
   Will:      It increases your willpower.
 k - a ring of magical power (right hand)
Wands
 l - a wand of flame (13)
Scrolls
 f - 2 scrolls of teleportation {unknown}
 g - 2 scrolls of magic mapping {unknown}
 j - 3 scrolls of identify {unknown}
 m - 2 scrolls of vulnerability {unknown}
Potions
 b - a potion of magic
 c - 3 potions of curing
 e - a potion of haste {unknown}
 h - a potion of resistance {unknown}
 i - 2 potions of brilliance {unknown}
 n - 2 potions of flight {unknown}
 q - 2 potions of might {unknown}
 s - a potion of lignification {unknown}


   Skills:
 - Level 2.4 Dodging
 - Level 2.4 Stealth
 + Level 4.2 Spellcasting
 - Level 1.1 Conjurations
 - Level 4.0 Fire Magic
 - Level 4.0 Poison Magic


You had 11 spell levels left.
You knew the following spells:

 Your Spells              Type           Power      Damage    Failure   Level
a - Foxfire               Conj/Fire      64%        2x1d7     3%          1

Your spell library contained the following spells:

 Spells                   Type           Power      Damage    Failure   Level
 Scorch                   Fire           44%        2d7       3%          2
 Freeze                   Ice            16%        1d4       11%         1
 Conjure Flame            Conj/Fire      16%        6-21      12%         3
 Inner Flame              Hex/Fire       13%        N/A       14%         3
 Frozen Ramparts          Ice            8%         1d2       32%         3
 Flame Wave               Conj/Fire      16%        2d7       36%         4
 Hailstorm                Conj/Ice       7%         3d4       65%         4


Dungeon Overview and Level Annotations

Branches:
Dungeon (4/15) Zot: 20919
 Temple: D:4-7

Altars:
Wu Jian

Shops:
D:2 :

Annotations:
D:3 1 runed translucent door, 1 exclusion
D:4 1 exclusion, Ijyb


Message History

The orc priest is heavily wounded.
Ijyb closely misses you.
You now have 24/31 mp.
Casting: Foxfire (safe; 3% risk of failure)
Confirm with . or Enter, or press ? or * to list all spells.
You conjure some foxfire!
The foxfire hits the orc.
The orc is heavily wounded.
The orc barely misses you. Ijyb hits you with a +0 club!
* * * LOW HITPOINT WARNING * * *
You take 7 damage, and have 6/28 hp.
MASSIVE DAMAGE!!
Casting: Foxfire (safe; 3% risk of failure)
Confirm with . or Enter, or press ? or * to list all spells.
You conjure some foxfire!
The foxfire hits Ijyb but does no damage.
Ijyb is lightly wounded.
The foxfire hits Ijyb but does no damage.
Ijyb is lightly wounded.
The orc priest hits you with a +0 short sword.
* * * LOW HITPOINT WARNING * * *
The orc closely misses you. The orc closely misses your foxfire.
Ijyb zaps a wand.
You resist with some effort.
You take 1 damage, and have 5/28 hp.
You now have 23/31 mp.
Casting: Foxfire (safe; 3% risk of failure)
Confirm with . or Enter, or press ? or * to list all spells.
You conjure some foxfire!
The foxfire hits the orc!
You kill the orc!
The foxfire hits Ijyb.
Ijyb is moderately wounded.
The orc priest closely misses you. Ijyb hits you with a +0 club.
* * * LOW HITPOINT WARNING * * *
Your magical contamination has completely faded away.
You take 2 damage, and have 3/28 hp.
You now have 22/31 mp.
Okay, then.
Blink to where?
Press: ? - help, Dir - move target
Found a hand axe and a rapier.
As you read the scroll labelled LIUSHR IJ RUE, it crumbles to dust.
It was a scroll of blinking.
Ijyb zaps a wand.
Your mind is blasted!
You die...

#......# #.....#.#.
#......# #.....#.#.
#......# #.....#.#.
#......# #.....#.#.
#......#########.....#.#.
#####>.........'.....'...
#.##########.....#.#.
#.################.##
#...@.....o........).
#........o.....v.....
##...........)§v.....
#.........g.........
#..........)........
#...................
#...................
#....)..............
..............


You could see Ijyb, an orc priest and an orc.

Vanquished Creatures
  An orc priest (D:3)
  2 orc wizards (D:3)
  2 adders
  2 dart slugs (D:2)
  8 orcs
  6 ball pythons
  An endoplasm (D:4)
  6 goblins
  2 hobgoblins
  5 bats
  A frilled lizard (D:3)
  4 kobolds
  2 rats
42 creatures vanquished.

Vanquished Creatures (collateral kills)
  A foxfire (D:3)
1 creature vanquished.

Vanquished Creatures (others)
  196 foxfires
  2 fungi (D:3)
198 creatures vanquished.

Grand Total: 241 creatures vanquished

Notes
Turn   | Place    | Note
-------+----------+-------------------------------------------
     0 | D:1      | Psyclone the Deep Elf Fire Elementalist began the quest for
                  | the Orb.
     0 | D:1      | Reached XP level 1. HP: 10/10 MP: 6/6
    82 | D:2      | Identified a scroll of acquirement
    82 | D:2      | Acquired the ring of Jealousy {rN+ Will+ MP+9 Dex+4}
  1022 | D:2      | Found Weil's Book Boutique.
  1045 | D:2      | Found a faded altar of an unknown god.
  1049 | D:2      | Reached XP level 2. HP: 15/15 MP: 8/8
  1500 | D:3      | Reached skill level 1 in Poison Magic
  1500 | D:3      | Reached XP level 3. HP: 19/19 MP: 10/10
  1559 | D:3      | Reached XP level 4. HP: 24/24 MP: 12/12
  1682 | D:3      | Found an ornate altar of the Wu Jian Council.
  1879 | D:3      | Found a runed translucent door.
  2850 | D:4      | Reached XP level 5. HP: 28/28 MP: 13/13
  3061 | D:4      | Noticed Ijyb
  3077 | D:4      | Blown up by Ijyb

Illustrated notes

Levels and vault maps discovered:
D:1:      dpeg_arrival_lava_temple_mockup, layout_basic
D:2:      layout_loops_ring, shapermc_ecumenical_altar_starsandcircs,
          serial_shops, nicolae_shop_window_shopping
D:3:      layout_loops_ring, pdpol_wu_jian_five_deadly_venoms, corexii_shack,
          uniq_crazy_yiuf_cottage
D:4:      layout_basic, regret_index_temple_of_mockery, hangedman_ru_absence,
          lemuel_tele_altar, uniq_ijyb

Skill      XL: |  1  2  3  4 |
---------------+-------------+-----
Spellcasting   | 4 |  4.2
Fire Magic     | 4 |  4.0
Poison Magic   | 1 2 4 |  4.0
Dodging        | |  2.4
Stealth        | |  2.4
Conjurations   | |  1.1

Action                   |  1- 3 |  4- 6 || total
-------------------------+-------+-------++-------
Melee: Short sword       |       |     6 ||     6
 Cast: Foxfire           |    46 |    75 ||   121
  Use: Scroll            |     1 |     1 ||     2
       Potion            |       |     1 ||     1
Armor: Robe              |       |     2 ||     2
Dodge: Dodged            |     4 |    16 ||    20
